 Dungeon Crawl Stone Soup version 0.29.0-4-gdea44cf6ec (webtiles) character file.

Game seed: 17719443967454364466

5 qw the Chopper (level 1, -1/12 HPs)
             Began as a Tengu Warper on Aug 28, 2022.
             Slain by a quokka (3 damage)
             ... on level 1 of the Dungeon.
             The game lasted 00:00:00 (109 turns).

qw the Chopper (Tengu Warper)                        Turns: 109, Time: 00:00:01

Health: -1/12      AC:  3    Str: 11    XL:     1   Next: 80%
Magic:  4/4        EV: 11    Int: 13    God:
Gold:   0          SH:  0    Dex: 13    Spells: 4/4 levels left

rFire   . . .      SeeInvis .   a - +0 hand axe
rCold   . . .      Faith    .   (no shield)
rNeg    . . .      Spirit   .   b - +0 leather armour
rPois   .          Reflect  .   (helmet restricted)
rElec   .          Harm     .   (no cloak)
rCorr   .          Rampage  .   (no gloves)
Will    .....                   (boots unavailable)
Stlth   +.........              (no amulet)
HPRegen 0.04/turn               (no ring)
MPRegen 0.09/turn               (no ring)

@: no status effects
A: beak, talons 3
a: no special abilities


You were on level 1 of the Dungeon.
You visited 1 branch of the dungeon, and saw 1 of its levels.


Innate Abilities, Weirdness & Mutations

You have a beak for a mouth.
You have claws for feet.


   Skills:
 - Level 2.0 Fighting
 + Level 2.8 Axes
 - Level 1.0 Throwing
 - Level 1.1 Armour
 - Level 2.1 Dodging
 - Level 2.0 Spellcasting
 - Level 2.4 Translocations


You had 4 spell levels left.
You didn't know any spells.
Your spell library contained the following spells:

 Spells                   Type           Power      Damage    Failure   Level
 Blink                    Tloc           14%        N/A       19%         2
 Gell's Gravitas          Tloc           7%         N/A       36%         3
 Lesser Beckoning         Tloc           7%         N/A       36%         3
 Teleport Other           Tloc           7%         N/A       36%         3
 Manifold Assault         Tloc           7%         N/A       98%         5

Inventory:

Hand Weapons
 a - a +0 hand axe (weapon)
Armour
 b - a +0 leather armour (worn)
Jewellery
 e - a +6 ring of intelligence
Scrolls
 c - a scroll of blinking
 f - a scroll of identify {unknown}
Potions
 g - a potion of flight {unknown}

Dungeon Overview and Level Annotations

Branches:
Dungeon (1/15)

Altars:


Message History

A rat comes into view.
You closely miss the hobgoblin. The hobgoblin barely misses you.
You hit the hobgoblin.
You kill the hobgoblin!
A hobgoblin comes into view.
94 ||| Stepping ~*~*~tactically~*~*~ (stealth).
You hit the rat.
You kill the rat!
The kobold throws a stone.
The stone hits you.
You hit the kobold.
You kill the kobold!
A quokka comes into view.
The hobgoblin shouts!
Items here: %% ( ).
You hit the quokka. Your kick misses the quokka.
The quokka is moderately wounded.
The quokka bites you but does no damage.
You hit the quokka but do no damage.
The quokka is moderately wounded.
You barely miss the hobgoblin. The quokka bites you. The hobgoblin hits you.
The quokka barely misses you.
You closely miss the quokka. Your kick misses the quokka.
The quokka is moderately wounded.
You hit the hobgoblin but do no damage. The hobgoblin barely misses you.
The quokka barely misses you.
You hit the quokka.
The quokka is heavily wounded.
You hit the hobgoblin but do no damage. The quokka completely misses you.
The hobgoblin misses you. The quokka misses you.
You barely miss the quokka.
The quokka is heavily wounded.
You closely miss the hobgoblin. The hobgoblin hits you. The quokka bites you.
The hobgoblin hits you.
You hit the quokka but do no damage. Your kick misses the quokka.
The quokka is heavily wounded.
You hit the hobgoblin. The quokka bites you.
You die...

###.# ## ..#.# .###.##
#.#.# .......
#.#.##########
........###.#.#........:
............#'#.########
.......#####..%.#
......r##..'....#
.....=g@..##....# ..
......#########.#
#.####### #.########
#...######## #........#
##.#.#......###
#.........
#........P....##
#........#
#...P.PPPP.P...##
#........#
#...P.PP7.7PP...#
.#.......
.P.7..<.77P7.P.#
#.#.......


You could see a quokka and a hobgoblin.

Vanquished Creatures
  A goblin (D:1)
  A hobgoblin (D:1)
  A bat (D:1)
  A frilled lizard (D:1)
  A kobold (D:1)
  A rat (D:1)
6 creatures vanquished.

Notes
Turn   | Place    | Note
-------+----------+-------------------------------------------
     0 | D:1      | qw the Tengu Warper began the quest for the Orb.
     0 | D:1      | Reached XP level 1. HP: 12/12 MP: 4/4
     0 | D:1      | 0 ||| qw: Version: 0.1-a-89-g26bdef1
     0 | D:1      | 0 ||| qw: Game counter: 88
     0 | D:1      | 0 ||| qw: Always use a shield: true
     0 | D:1      | 0 ||| qw: God list: Okawaru
     0 | D:1      | 0 ||| qw: Allow faded altars: false
     0 | D:1      | 0 ||| qw: Do Orc after D:15 true
     0 | D:1      | 0 ||| qw: Do second Lair branch before Depths: true
     0 | D:1      | 0 ||| qw: Lair rune preference: random
     0 | D:1      | 0 ||| qw: Plans: Normal
     0 | D:1      | 0 ||| PLANNING D:1-11
    86 | D:1      | 86 ||| Stepping ~*~*~tactically~*~*~ (stealth).
    94 | D:1      | 94 ||| Stepping ~*~*~tactically~*~*~ (stealth).
   108 | D:1      | HP: 3/12 [quokka (2)]
   109 | D:1      | Slain by a quokka

Levels and vault maps discovered:
D:1:      spicycebolla_arrival_clurvy, layout_basic, serial_shops,
          shop_fountains, shapermc_ecumenical_altar_mp_urbaneastern,
          minmay_indecisive_spiral

Action                   || total
-------------------------++-------
Melee: Hand axe          ||    13
       Kick              ||     1
       Peck              ||     1
Throw: Boomerang         ||     7
Armor: Leather armour    ||     2
Dodge: Dodged            ||     9

Table legend:
 A = Non-vault XP
 B = Vault XP
 C = Vault XP percentage of total XP
 D = Non-vault monster count
 E = Vault monster count
 F = Vault count percentage of total count
                 A         B        C        D         E       F
            +---------+---------+-------+---------+---------+-------
      Total |       7 |       1 |  12.5 |       5 |       1 |  16.7
            +---------+---------+-------+---------+---------+-------
        D:1 |       7 |       1 |  12.5 |       5 |       1 |  16.7
            +---------+---------+-------+---------+---------+-------
